 Dungeon Crawl Stone Soup version 0.19.0-11-g3fc08b3 (webtiles) character file.

5793 Millan the Cleaver (level 10, -2/90 HPs)
             Began as a Minotaur Fighter on Nov 8, 2016.
             Was a High Priest of Okawaru.
             Killed from afar by Psyche (16 damage)
             ... with a puff of flame
             ... on level 9 of the Dungeon.
             The game lasted 00:21:49 (8899 turns).

Millan the Cleaver (Minotaur Fighter)               Turns: 8899, Time: 00:21:50

Health: -2/90      AC: 14    Str: 24    XL:     10   Next: 50%
Magic:  8/8        EV:  7    Int:  5    God:    Okawaru [*****.]
Gold:   590        SH: 11    Dex: 10    Spells: 0 memorised, 9 levels left

rFire  x . .     SeeInvis .     a - +0 war axe
rCold  + . .     Gourm    .     H - +0 plate armour
rNeg   . . .     Faith    .     c - +0 shield
rPois  .         Spirit   .     (helmet restricted)
rElec  .         Reflect  .     J - +0 cloak
rCorr  .         Harm     .     Q - +1 pair of gloves
MR     .....                    E - +0 pair of boots
Stlth  ..........               (no amulet)
                                (no ring)
                                e - ring of ice

@: drained
A: retaliatory headbutt, horns 2, deformed body, low mp 1, sturdy frame 1
a: Heroism, Finesse, Renounce Religion


You were on level 9 of the Dungeon.
You worshipped Okawaru.
Okawaru was extremely pleased with you.
You were not hungry.

You visited 1 branch of the dungeon, and saw 9 of its levels.
You also visited: Sewer and Ossuary.

You collected 590 gold pieces.

Inventory:

Hand Weapons
 a - a +0 war axe (weapon)
Armour
 c - a +0 shield (worn)
 E - a +0 pair of boots (worn)
 H - a +0 plate armour (worn)
 J - a +0 cloak (worn)
 Q - a +1 pair of gloves (worn)
Jewellery
 e - a ring of ice (left hand)
Wands
 G - a wand of flame (14/48)
 I - a wand of slowing (22/48)
 K - a wand of flame (33/48)
Scrolls
 d - a scroll of blinking {unknown}
 h - 7 scrolls of teleportation {unknown}
 j - 5 scrolls of enchant weapon {unknown}
 k - 3 scrolls of remove curse {unknown}
 m - 9 scrolls of identify {unknown}
 n - 2 scrolls of fog {unknown}
 o - 4 scrolls of fear {unknown}
 p - 2 scrolls of random uselessness {unknown}
 s - 2 scrolls of magic mapping {unknown}
 x - 5 scrolls of enchant armour {unknown}
 y - a scroll of noise {unknown}
 B - 2 scrolls of recharging {unknown}
 F - 4 scrolls of amnesia {unknown}
 L - a scroll of immolation {unknown}
 N - a scroll of summoning {unknown}
Potions
 i - 3 potions of degeneration
 l - 2 potions of curing
 q - 2 potions of lignification {unknown}
 r - 2 potions of berserk rage {unknown}
 u - a potion of cure mutation {unknown}
 v - a potion of agility {unknown}
 w - 6 potions of might
 z - 2 potions of haste {unknown}
 A - 3 potions of ambrosia {unknown}
 D - 2 potions of mutation {unknown}
 M - a potion of heal wounds {unknown}
Books
 b - a book of Misfortune

   Spells                             Type                      Level
   a - Confusing Touch                Hexes                        1
   b - Confuse                        Hexes                        3
   c - Gell's Gravitas                Hexes/Translocation          3
   d - Petrify                        Transmutation/Earth          4
   e - Metabolic Englaciation         Hexes/Ice                    5
   f - Yara's Violent Unravelling     Hexes/Transmutation          5
Comestibles
 f - 6 bread rations
 g - a beef jerky
 t - a meat ration
 O - a royal jelly
 P - 4 fruits


   Skills:
 + Level 8.5(8.1) Fighting
 + Level 12.5(12.0) Axes
 + Level 9.1(8.7) Armour
 - Level 2.1(1.8) Dodging
 - Level 0.6(0.3) Stealth
 + Level 8.7(8.3) Shields
 + Level 0.2(0.0) Invocations


You had 9 spell levels left.
You didn't know any spells.

Dungeon Overview and Level Annotations

Branches:
Dungeon (9/15)             Temple (0/1) D:6            Lair (0/6) D:8
    Orc: D:9-12

Altars:
Ashenzari
Fedhas
Gozag
Hepliaklqana
Okawaru
Xom
Yredelemnul

Annotations:
D:9 Psyche


Innate Abilities, Weirdness & Mutations

You reflexively headbutt those who attack you in melee.
You have a pair of horns on your head.
Armour fits poorly on your strangely shaped body.
Your magical capacity is low. (-10% MP)
Your movements are slightly less encumbered by armour. (ER -2)


Message History

The human hits you but does no damage. The human hits you with a club.
* * * LOW HITPOINT WARNING * * *
You closely miss Psyche. You headbutt Psyche.
Psyche is almost dead.
You hit the human but do no damage. You barely miss the human.
You barely miss the scorpion. You slash the human! You block Psyche's attack.
The human hits you but does no damage. Psyche hits you but does no damage.
You are poisoned.
The scorpion closely misses you. You furiously retaliate!
You headbutt the scorpion, but do no damage.
The human hits you but does no damage. You block the human's attack.
A human comes into view. It is wielding a hunting sling.
You feel sick.
The human shouts!
Psyche casts a cantrip, but nothing happens.
You block Psyche's attack.
You feel better.
Psyche points at you and mumbles some strange words.
The puff of flame hits you! The fire burns you terribly!
You die...

.#.# .......
...######
......
........#
##...p
........#
#.$..#
........###
#....#
...........#
#....#
........# ..
#pp).#
###..####
#.# #@sp.# #
#.## ..
#@#### # #.#
#.###.#
###.#
#..#..#
##..# #.#.##
.#.##
#...####
...#
###....#
...# #..##.#
...#
###.###.#
...# ##...#
#.#


You could see Psyche, 4 humans and a scorpion.

Vanquished Creatures
  Maurice (D:8)
  Grinder (D:6)
  The ghost of Wardy123 the Cutter, an amateur HEFi (D:3)
  A hippogriff (D:8)
  A spriggan (D:7)
  2 yaks (D:8)
  Sigmund (D:6)
  A hungry ghost (D:9)
  3 orc warriors
  2 sky beasts
  2 phantoms
  An ice beast (D:8)
  2 centaurs
  7 ogres
  A crocodile (Sewer)
  2 bullfrogs (D:6)
  8 scorpions
  A wyvern skeleton (D:7)
  8 killer bees
  3 wights (D:6)
  A howler monkey (D:4)
  3 centaur zombies
  A crimson imp (D:7)
  A jelly (D:9)
  A human zombie (Ossuary)
  A bullfrog zombie (D:8)
  4 hounds
  5 orc priests
  A bullfrog skeleton (D:7)
  6 orc wizards
  4 iguanas
  Crazy Yiuf (D:6)
  11 worker ants
  3 big kobold zombies (Ossuary)
  A hound skeleton (D:5)
  3 mummies (Ossuary)
  A worker ant zombie (D:5)
  4 gnolls (D:3)
  4 scorpion zombies (Ossuary)
  9 adders
  2 shadow imps
  An ooze (D:7)
  An adder skeleton (D:9)
  3 dart slugs
  5 worms
  8 leopard geckos
  29 orcs
  A ball python (D:2)
  8 giant cockroaches
  9 goblins
  14 hobgoblins
  7 jackals
  7 quokkas
  10 bats
  13 frilled lizards
  2 goblin zombies (Ossuary)
  3 hobgoblin zombies (Ossuary)
  10 kobolds
  A kobold zombie (Ossuary)
  A leopard gecko zombie (D:5)
  4 orc zombies (Ossuary)
  A quokka zombie (D:4)
  24 rats
  2 fungi (D:8)
280 creatures vanquished.

Vanquished Creatures (others)
  2 fungi (D:8)
2 creatures vanquished.

Grand Total: 282 creatures vanquished

Notes
Turn   | Place    | Note
-------+----------+-------------------------------------------
     0 | D:1      | Millan the Minotaur Fighter began the quest for the Orb.
     0 | D:1      | Reached XP level 1. HP: 19/19 MP: 0/0
   147 | D:1      | Reached XP level 2. HP: 27/27 MP: 1/1
   829 | D:2      | Reached XP level 3. HP: 31/33 MP: 2/2
   884 | D:2      | Found a blossoming altar of Fedhas.
   894 | D:2      | Found an iron altar of Okawaru.
  1107 | D:2      | Became a worshipper of Warmaster Okawaru
  1174 | D:2      | Found a faded altar of an unknown god.
  1318 | D:2      | Reached skill level 3 in Axes
  1646 | D:2      | Reached XP level 4. HP: 28/40 MP: 3/3
  1817 | D:3      | Found a hazy altar of Hepliaklqana.
  1936 | D:3      | Reached skill level 1 in Dodging
  2192 | D:3      | Reached XP level 5. HP: 7/46 MP: 4/4
  2193 | D:3      | Reached skill level 4 in Axes
  2193 | D:3      | Reached skill level 5 in Armour
  2364 | D:3      | Found a glowing drain.
  2373 | Sewer    | Entered a sewer
  2654 | Sewer    | Noticed a crocodile
  2663 | Sewer    | Killed a crocodile
  2663 | Sewer    | Reached * piety under Okawaru
  2663 | Sewer    | Reached skill level 5 in Axes
  2663 | Sewer    | Reached XP level 6. HP: 50/53 MP: 5/5
  3243 | D:3      | Noticed Wardy123's ghost (amateur HEFi)
  3261 | D:3      | Killed Wardy123's ghost
  3261 | D:3      | Reached skill level 5 in Fighting
  3261 | D:3      | Reached XP level 7. HP: 16/61 MP: 6/6
  3439 | D:3      | Reached skill level 5 in Shields
  3762 | D:3      | Reached skill level 6 in Axes
  3883 | D:4      | Found a shimmering altar of Xom.
  3967 | D:4      | Found a sand-covered staircase.
  3973 | Ossuary  | Entered an ossuary
  4215 | Ossuary  | Reached ** piety under Okawaru
  4247 | Ossuary  | Reached skill level 7 in Axes
  4301 | Ossuary  | Reached XP level 8. HP: 60/70 MP: 7/7
  4480 | Ossuary  | Reached skill level 8 in Axes
  4978 | D:4      | Found an opulent altar of Gozag.
  5160 | D:5      | Entered Level 5 of the Dungeon
  5164 | D:5      | Reached skill level 9 in Axes
  6038 | D:6      | Noticed Sigmund
  6046 | D:6      | Killed Sigmund
  6046 | D:6      | Reached *** piety under Okawaru
  6046 | D:6      | Reached XP level 9. HP: 77/78 MP: 8/8
  6071 | D:6      | Reached skill level 10 in Axes
  6171 | D:6      | Noticed Grinder
  6185 | D:6      | Killed Grinder
  6231 | D:6      | Found a staircase to the Ecumenical Temple.
  6832 | D:6      | Found a runed door.
  6836 | D:6      | Noticed Crazy Yiuf
  6839 | D:6      | Killed Crazy Yiuf
  6896 | D:7      | Reached **** piety under Okawaru
  7271 | D:7      | Reached skill level 11 in Axes
  7821 | D:8      | Noticed Maurice
  7839 | D:8      | Reached XP level 10. HP: 79/88 MP: 7/9
  7873 | D:8      | Killed Maurice
  7896 | D:8      | Reached ***** piety under Okawaru
  7905 | D:8      | Reached skill level 12 in Axes
  8116 | D:8      | Found a basalt altar of Yredelemnul.
  8258 | D:8      | Found a shattered altar of Ashenzari.
  8399 | D:8      | Found a staircase to the Lair.
  8507 | D:9      | Gained mutation: Your magical capacity is low. (-10% MP) [mutagenic meat]
  8508 | D:9      | Gained mutation: Your movements are slightly less encumbered by armour. (ER -2) [mutagenic meat]
  8510 | D:9      | Gained mutation: Armour fits poorly on your strangely shaped body. [mutagenic meat]
  8878 | D:9      | Noticed Psyche
  8899 | D:9      | Killed from afar by Psyche

Skill      XL: |  1  2  3  4  5  6  7  8  9 10 |
---------------+-------------------------------+-----
Armour         | 4 5 6 7 8 9 |  9.1
Fighting       | 4 5 6 8 |  8.5
Axes           | 3 5 7 9 11 12 | 12.5
Shields        | 4 5 6 7 8 |  8.7
Dodging        | 1 2 |  2.1
Stealth        | |  0.6
Invocations    | |  0.2

Action                   |  1- 3 |  4- 6 |  7- 9 | 10-12 || total
-------------------------+-------+-------+-------+-------++-------
Melee: War axe           |   111 |   115 |   426 |   126 ||   778
       Headbutt          |    17 |    13 |    76 |    21 ||   127
Invok: Heroism           |       |       |     2 |     1 ||     3
  Use: Potion            |       |     3 |       |     2 ||     5
  Eat: Chunk             |     2 |     5 |    12 |     5 ||    24
       Bread ration      |       |       |     1 |     1 ||     2
Armor: Scale mail        |    45 |    51 |    83 |       ||   179
       Plate armour      |       |       |    79 |    84 ||   163
Dodge: Dodged            |    41 |    47 |   103 |    42 ||   233
Block: Shield            |    57 |    78 |   212 |    99 ||   446
